 Dungeon Crawl Stone Soup version 0.19.5 (webtiles) character file.

2448 mikkilangelo the Fighter (level 9, -7/82 HPs)
             Began as a Minotaur Chaos Knight on Mar 19, 2017.
             Mangled by a hill giant
             ... wielding a +0 giant club
              (16 damage)
             ... on level 7 of the Dungeon.
             The game lasted 00:14:40 (4343 turns).

mikkilangelo the Fighter (Minotaur Chaos Knight)    Turns: 4343, Time: 00:14:42

Health: -7/82      AC: 10    Str: 17      XL:     9   Next: 25%
Magic:  8/8        EV: 14    Int:  0 (5)  God:    Xom [...*..]
Gold:   398        SH:  0    Dex: 18 (19) Spells: 0 memorised, 8 levels left

rFire  + . .     SeeInvis .     a - +0 hand axe (chaos)
rCold  . . .     Gourm    .     r - +0 scale mail of the Loofah {rF+ MR+ Int-4 Stlth+} (curse)
rNeg   . . .     Faith    .     (no shield)
rPois  .         Spirit   .     (helmet restricted)
rElec  .         Reflect  .     e - +1 cloak {+Inv}
rCorr  .         Harm     +     (no gloves)
MR     +....                    (no boots)
Stlth  +.........               K - amulet of harm
                                o - +3 ring of dexterity
                                n - +5 ring of dexterity

@: slowed, lost intelligence, very slow
A: retaliatory headbutt, horns 2, talons 1, blurry vision 1, deterioration 1,
screaming 1, weak 1
a: Renounce Religion, Evoke Invisibility


You were on level 7 of the Dungeon.
You worshipped Xom.
You were a favourite toy of Xom.
You were hungry.

You visited 1 branch of the dungeon, and saw 7 of its levels.
You also visited: Sewer.

You collected 578 gold pieces.
You spent 180 gold pieces at shops.

Inventory:

Hand Weapons
 a - a +0 hand axe of chaos (weapon)
Missiles
 y - 9 tomahawks (quivered)
Armour
 b - a +2 leather armour
 e - a +1 cloak of invisibility (worn)
 k - a +2 cloak
 q - a +2 cloak
 r - the cursed +0 scale mail of the Loofah (worn) {rF+ MR+ Int-4 Stlth+}
   (You bought it in a shop on level 4 of the Dungeon)

   It affects your intelligence (-4).
   It protects you from fire.
   It affects your resistance to hostile enchantments.
   It makes you more stealthy.
   It has a curse placed upon it.
 t - a +0 leather armour
Jewellery
 n - a +5 ring of dexterity (left hand)
 o - a +3 ring of dexterity (right hand)
 J - an uncursed ring of ice {unknown}
 K - an amulet of harm (around neck)
Wands
 p - a wand of slowing (15/48)
 E - a wand of confusion (24/48)
 I - a wand of polymorph (16/24)
Scrolls
 d - 4 scrolls of remove curse
 g - 3 scrolls of teleportation
 h - 5 scrolls of identify
 i - 3 scrolls of immolation {unknown}
 m - a scroll of enchant armour {unknown}
 A - 2 scrolls of enchant weapon {unknown}
 B - a scroll of fog {unknown}
 C - a scroll of noise {unknown}
 F - a scroll of amnesia
Potions
 f - 4 potions of curing
 l - 2 potions of flight
 s - a potion of degeneration
 u - 2 potions of brilliance {unknown}
 v - a potion of ambrosia {unknown}
 x - a potion of agility
 z - a potion of berserk rage {unknown}
 G - 2 potions of cancellation
Books
 D - a book of Cantrips

   Spells                             Type                      Level
   a - Confusing Touch                Hexes                        1
   b - Animate Skeleton               Necromancy                   1
   c - Summon Small Mammal            Summoning                    1
   d - Apportation                    Translocation                1
Comestibles
 c - 6 bread rations
 j - 2 meat rations
 w - a beef jerky
 H - 6 chunks of flesh


   Skills:
 + Level 8.5 Fighting
 + Level 8.2 Axes
 + Level 7.7 Armour
 + Level 6.9 Dodging


You had 8 spell levels left.
You didn't know any spells.

Dungeon Overview and Level Annotations

Branches:
Dungeon (7/15)
 Temple: D:4-7

Altars:
Kikubaaqudgha
Xom

Shops:
D:4 [   D:5 (


Innate Abilities, Weirdness & Mutations

You reflexively headbutt those who attack you in melee.
You have a pair of horns on your head.
You have sharp toenails.
Scrolls take you a little longer to read.
Your body sometimes deteriorates upon taking damage.
You occasionally shout uncontrollably at your foes.
You are weak. (Str -2)


Message History

You are feeling hungry.
You hit the hill giant. You freeze the hill giant.
You claw the hill giant, but do no damage.
You headbutt the hill giant.
The hill giant is moderately wounded.
The hill giant hits you with a giant club!!
Your body deteriorates!
You feel dopey.
You have lost your intelligence.
The hill giant hits you with a giant club.
You can move again.
You hit the hill giant.
The hill giant is moderately wounded.
The hill giant hits you with a giant club!
* * * LOW HITPOINT WARNING * * *
You hit the hill giant but do no damage.
There is a sudden explosion of sparks!
You claw the hill giant, but do no damage.
The hill giant is severely wounded.
The hill giant hits you with a giant club!
You die...
Xom is highly amused!

# . #. #.# ##
..###. #
#.#.#.####...#
##.##o.@C......
###......####....
....##.## #
#...##.# #...##.#
#...##.# #...##.#
#[.###.# #..# #.#


You could see a hill giant and an orc wizard.

Vanquished Creatures
  The ghost of murphvienna the Cleaver, a novice MiBe of Trog (D:4)
  A rime drake (shapeshifter) (D:3)
  Purgy (Sewer)
  A water moccasin (D:5)
  Duvessa (D:5)
  An ice beast (D:5)
  3 ogres
  2 centaurs (D:5)
  A bullfrog (D:7)
  Blork the orc (D:5)
  A big kobold (D:4)
  Dowan (D:5)
  A scorpion (D:4)
  2 howler monkeys
  3 crimson imps
  A bullfrog zombie (D:5)
  A hound (D:4)
  A jelly (D:6)
  A centaur skeleton (D:4)
  2 orc wizards
  Ijyb (D:3)
  7 worker ants
  A hound skeleton (D:4)
  A hound zombie (D:6)
  9 adders
  A shadow imp (D:7)
  An ooze (D:1)
  3 dart slugs
  3 leopard geckos (D:4)
  20 orcs
  3 ball pythons
  18 bats
  3 giant cockroaches
  13 goblins
  19 hobgoblins
  2 jackals (D:1)
  8 kobolds
  3 quokkas
  3 frilled lizards
  A jackal skeleton (D:4)
  A leopard gecko zombie (D:5)
  A quokka zombie (D:4)
  8 rats
  2 plants (D:4)
159 creatures vanquished.

Vanquished Creatures (others)
  A plant (D:4)
1 creature vanquished.

Grand Total: 160 creatures vanquished

Notes
Turn   | Place    | Note
-------+----------+-------------------------------------------
     0 | D:1      | mikkilangelo the Minotaur Chaos Knight began the quest for the Orb.
     0 | D:1      | Reached XP level 1. HP: 19/19 MP: 0/0
    47 | D:1      | XOM: divination: magic mapping
   119 | D:1      | Reached XP level 2. HP: 18/27 MP: 1/1
   204 | D:1      | XOM: harmless Hex miscast
   249 | D:1      | XOM: harmless Fire miscast
   425 | D:1      | XOM: silly message
   562 | D:1      | Reached XP level 3. HP: 33/33 MP: 2/2
   699 | D:2      | Gained mutation: Your body sometimes deteriorates upon taking damage. [potion of mutation]
   699 | D:2      | Gained mutation: You have a somewhat thin skeletal structure. (Dex +2, Stealth) [potion of mutation]
   699 | D:2      | Gained mutation: You are weak. (Str -2) [potion of mutation]
  1086 | D:2      | XOM: divination: detect items
  1090 | D:2      | Reached XP level 4. HP: 41/41 MP: 3/3
  1552 | D:3      | Noticed Ijyb
  1560 | D:3      | Killed Ijyb
  1563 | D:3      | Reached XP level 5. HP: 43/47 MP: 4/4
  1585 | D:3      | Noticed Sigmund
  1588 | D:3      | Noticed Sigmund
  1588 | D:3      | Sigmund changed into Sigmund the centaur
  1592 | D:3      | XOM: silly message
  1592 | D:3      | Sigmund the centaur changed into Sigmund the hell rat
  1594 | D:3      | Noticed Sigmund
  1594 | D:3      | Sigmund the hell rat changed into Sigmund the shapeshifter
  1594 | D:3      | Noticed Sigmund
  1594 | D:3      | Sigmund the shapeshifter changed into Sigmund the rime drake
  1596 | D:3      | XOM: cast spell 'Ice Form'
  1603 | D:3      | Killed Sigmund the rime drake
  1603 | D:3      | Reached skill level 5 in Fighting
  1603 | D:3      | Reached skill level 5 in Axes
  1603 | D:3      | Reached XP level 6. HP: 16/56 MP: 5/5
  1774 | D:3      | XOM: god gift: leather armour {god gift}
  1870 | D:4      | Reached XP level 7. HP: 62/62 MP: 6/6
  1891 | D:4      | Noticed murphvienna's ghost (novice MiBe)
  1901 | D:4      | Reached skill level 5 in Armour
  1902 | D:4      | XOM: enchant monster (good)
  1909 | D:4      | Killed murphvienna's ghost
  1945 | D:4      | XOM: confusion (+ monsters)
  2000 | D:4      | Found Qoreeh's Armour Boutique.
  2006 | D:4      | XOM: enchant monster (good)
  2021 | D:4      | Bought the cursed +0 scale mail of the Loofah {rF+ MR+ Int-4 Stlth+} for 180 gold pieces
  2117 | D:4      | Reached skill level 5 in Dodging
  2140 | D:4      | XOM: god gift: potion of agility
  2222 | D:4      | XOM: swap monsters
  2225 | D:4      | Reached XP level 8. HP: 71/71 MP: 7/7
  2487 | D:4      | Found a glowing drain.
  2491 | Sewer    | Entered a sewer
  2514 | Sewer    | Noticed Purgy
  2525 | Sewer    | Killed Purgy
  2700 | D:4      | XOM: enchant monster (good)
  2709 | D:4      | XOM: mild Ice miscast
  2819 | D:5      | Entered Level 5 of the Dungeon
  2820 | D:5      | Noticed Blork the orc
  2826 | D:5      | Found an ancient bone altar of Kikubaaqudgha.
  2839 | D:5      | Killed Blork the orc
  2844 | D:5      | Gained mutation: You have sharp toenails. [potion of mutation]
  2844 | D:5      | Gained mutation: Your mind is acute. (Int +2) [potion of mutation]
  2883 | D:5      | Noticed Duvessa
  2884 | D:5      | Noticed Dowan
  2891 | D:5      | Killed Duvessa
  2903 | D:5      | Killed Dowan
  3026 | D:5      | XOM: medium Erth miscast
  3087 | D:5      | XOM: stat loss: -1 Str (16/17)
  3094 | D:5      | Found Egivuhacvu's Antique Weapon Emporium.
  3101 | D:5      | XOM: polymorph ogre -> water moccasin
  3207 | D:5      | Reached XP level 9. HP: 81/81 MP: 8/8
  3372 | D:5      | XOM: give mutations
  3372 | D:5      | Lost mutation: Your mind is acute. (Int +2) [Xom's mischief]
  3372 | D:5      | Gained mutation: Scrolls take you a little longer to read. [Xom's mischief]
  3372 | D:5      | Lost mutation: You have a somewhat thin skeletal structure. (Dex +2, Stealth) [Xom's mischief]
  3372 | D:5      | Gained mutation: You occasionally shout uncontrollably at your foes. [Xom's mischief]
  3437 | D:6      | XOM: summons 1 hostile shadow creature
  3456 | D:6      | Found a shimmering altar of Xom.
  3506 | D:6      | XOM: stat loss: -1 Int (1/5)
  3528 | D:6      | XOM: noise
  3754 | D:6      | XOM: noise
  4175 | D:7      | XOM: 1-stop teleportation journey
  4336 | D:7      | Noticed a hill giant
  4339 | D:7      | Lost intelligence.
  4343 | D:7      | Mangled by a hill giant

Skill      XL: |  1  2  3  4  5  6  7  8  9 |
---------------+----------------------------+-----
Fighting       | 4 5 6 8 |  8.5
Axes           | 4 5 6 7 8 |  8.2
Dodging        | 2 3 4 5 6 |  6.9
Armour         | 3 4 5 7 |  7.7

Action                   |  1- 3 |  4- 6 |  7- 9 || total
-------------------------+-------+-------+-------++-------
Melee: Hand axe          |    73 |    57 |   268 ||   398
       Headbutt          |    12 |    10 |    65 ||    87
       Unarmed           |       |     7 |       ||     7
       Kick              |       |       |    49 ||    49
  Use: Scroll            |     6 |       |       ||     6
       Potion            |     4 |     3 |     4 ||    11
 Stab: Sleeping          |     1 |     1 |     6 ||     8
       Paralysed         |       |       |     4 ||     4
       Invisible         |       |       |     1 ||     1
       Petrifying        |       |       |     1 ||     1
       Confused          |       |       |     1 ||     1
  Eat: Chunk             |     1 |     2 |     8 ||    11
Armor: Leather armour    |    29 |    19 |     6 ||    54
       Skin              |       |     1 |       ||     1
       Scale mail        |       |       |    58 ||    58
Dodge: Dodged            |    50 |    54 |   135 ||   239
